 Dungeon Crawl Stone Soup version 0.21-a0-519-gb765982 (webtiles) character file.

7676 Lianjan the Magician (level 11, -11/84 HPs)
             Began as a Gnoll Skald on Dec 4, 2017.
             Was a Believer of Kikubaaqudgha.
             Hit by a large rock thrown by a cyclops (32 damage)
             ... on level 9 of the Dungeon.
             The game lasted 00:43:07 (13620 turns).

Lianjan the Magician (Gnoll Skald)                 Turns: 13620, Time: 00:43:07

Health: -11/84     AC: 10    Str: 13    XL:     11   Next: 19%
Magic:  19/22      EV: 18    Int: 19    God:    Kikubaaqudgha [**....]
Gold:   359        SH:  6    Dex: 19    Spells: 6/25 levels left

rFire    . . .     SeeInvis .   R - +7 Spriggan's Knife {MR+ EV+4 Dex+4 Stlth+}
rCold    . . .     Gourm    .   f - +0 buckler
rNeg     . . .     Faith    .   o - +1 scale mail
rPois    +         Spirit   .   m - +0 helmet
rElec    .         Reflect  .   (no cloak)
rCorr    .         Harm     .   (no gloves)
MR       +....                  (no boots)
Stlth    +++.......             (no amulet)
HPRegen  0.24/turn              w - ring of poison resistance
MPRegen  0.18/turn              (no ring)

@: infused
A: distributed training, fangs 1, strong nose
a: Receive Corpses, Renounce Religion


You were on level 9 of the Dungeon.
You worshipped Kikubaaqudgha.
Kikubaaqudgha was pleased with you.
You were hungry.

You visited 2 branches of the dungeon, and saw 10 of its levels.
You also visited: Sewer.

You collected 381 gold pieces.
You spent 22 gold pieces at shops.

Inventory:

Hand Weapons
 a - a +1 falchion
 b - a +0 hunting sling
 x - a +1 spear of venom
 R - the +7 Spriggan's Knife (weapon) {MR+ EV+4 Dex+4 Stlth+}
   (You found it on level 9 of the Dungeon)

   It affects your evasion (+4).
   It affects your dexterity (+4).
   It affects your resistance to hostile enchantments.
   It makes you more stealthy.
Missiles
 e - 4 javelins (quivered)
 q - 78 sling bullets
 s - 116 arrows
 t - 222 stones
 v - 9 tomahawks
 M - 17 bolts
Armour
 f - a +0 buckler (worn)
 l - a +0 leather armour
 m - a +0 helmet (worn)
 o - a +1 scale mail (worn)
 T - a +0 cloak of invisibility
Jewellery
 w - a ring of poison resistance (left hand)
 J - an uncursed ring of protection from cold {unknown}
 Q - an uncursed amulet of the gourmand {unknown}
Wands
 y - a wand of acid (19)
 H - a wand of iceblast (7)
 L - a wand of paralysis (6)
 O - a wand of flame (56)
Scrolls
 h - 4 scrolls of remove curse
 j - a scroll of immolation
 B - 3 scrolls of teleportation
 E - a scroll of magic mapping
 F - 3 scrolls of identify
 I - a scroll of amnesia
 K - 2 scrolls of enchant armour
 P - a scroll of blinking
Potions
 g - a potion of lignification
 i - 2 potions of heal wounds
 k - 4 potions of curing
 p - 2 potions of brilliance
 z - a potion of ambrosia
 A - a potion of flight
 C - 2 potions of invisibility {unknown}
 D - 2 potions of agility
 S - a potion of haste {unknown}
Books
 c - a book of Battle

   Spells                             Type                      Level
   a - Infusion                       Charms                       1
   b - Shroud of Golubria             Charms/Translocation         2
   c - Song of Slaying                Charms                       2
   d - Spectral Weapon                Hexes/Charms                 3
   e - Regeneration                   Charms/Necromancy            3
 n - a book of Cantrips

   Spells                             Type                      Level
   a - Confusing Touch                Hexes                        1
   b - Animate Skeleton               Necromancy                   1
   c - Summon Small Mammal            Summoning                    1
   d - Apportation                    Translocation                1
 N - Kikubaaqudgha's Compendium of Evil
   (Kikubaaqudgha gifted it to you on level 7 of the Dungeon)

   Spells                             Type                      Level
   a - Animate Skeleton               Necromancy                   1
   b - Corpse Rot                     Necromancy                   2
   c - Sublimation of Blood           Necromancy                   2
   d - Vampiric Draining              Necromancy                   3
   e - Control Undead                 Necromancy                   4
Comestibles
 d - 4 bread rations
 r - 6 royal jellies
 u - 19 fruits
 G - a meat ration


   Skills:
 + Level 7.6 Fighting
 + Level 5.9 Short Blades
 + Level 7.6 Long Blades
 + Level 5.9 Axes
 + Level 5.9 Maces & Flails
 + Level 5.9 Polearms
 + Level 5.9 Staves
 + Level 5.9 Slings
 + Level 5.9 Bows
 + Level 5.9 Crossbows
 + Level 5.9 Throwing
 + Level 6.5 Armour
 + Level 7.6 Dodging
 + Level 5.9 Stealth
 + Level 5.9 Shields
 + Level 5.9 Unarmed Combat
 + Level 7.8 Spellcasting
 + Level 4.9 Conjurations
 + Level 4.9 Hexes
 + Level 7.4 Charms
 + Level 4.9 Summonings
 + Level 4.9 Necromancy
 + Level 4.9 Translocations
 + Level 4.9 Transmutations
 + Level 4.9 Fire Magic
 + Level 4.9 Ice Magic
 + Level 4.9 Air Magic
 + Level 4.9 Earth Magic
 + Level 4.9 Poison Magic
 + Level 6.5 Invocations
 + Level 5.9 Evocations


You had 6 spell levels left.
You knew the following spells:

 Your Spells              Type           Power        Failure   Level  Hunger
a - Infusion              Chrm           ####         1%          1    None
b - Shroud of Golubria    Chrm/Tloc      ####......   4%          2    None
c - Song of Slaying       Chrm           #####...     2%          2    None
d - Regeneration          Chrm/Necr      ####......   9%          3    #......
e - Spectral Weapon       Hex/Chrm       ####....     9%          3    #......
f - Animate Skeleton      Necr           N/A          4%          1    None
g - Corpse Rot            Necr           N/A          7%          2    None
h - Vampiric Draining     Necr           ####......   14%         3    #......
i - Sublimation of Blood  Necr           ####......   7%          2    None


Dungeon Overview and Level Annotations

Branches:
Dungeon (9/15)             Temple (1/1) D:5
   Lair: D:8-11         Orc: D:9-12

Altars:
Ashenzari
Cheibriados
Dithmenos
Elyvilon
Fedhas
Gozag
Hepliaklqana
Kikubaaqudgha
Makhleb
Nemelex Xobeh
Okawaru
Qazlal
Ru
Sif Muna
Trog
Uskayaw
Vehumet
Wu Jian
Xom
Yredelemnul
Zin
The Shining One

Shops:
D:8 *   D:9 [

Annotations:
D:8 exclusion: 2 doors


Innate Abilities, Weirdness & Mutations

Your experience applies equally to all skills.
You have very sharp teeth.
Your uncanny sense of smell can sniff out nearby items.


Message History

A cyclops comes into view.
Found a robe.
The cyclops shouts!
The cyclops throws a large rock.
The large rock closely misses you.
There is an open door here.
Casting: Animate Skeleton
Confirm with . or Enter, or press ? or * to list all spells.
You begin infusing your attacks with magical energy.
Casting: Infusion
Confirm with . or Enter, or press ? or * to list all spells.
You draw out your weapon's spirit!
The cyclops hits you!!
The cyclops throws a large rock.
The large rock hits you!!
* * * LOW HITPOINT WARNING * * *
You close the door.
A cyclops opens the door.
You close the door.
Okay, then.
A cyclops opens the door.
The cyclops throws a large rock.
The large rock hits you!!
You die...
Kikubaaqudgha rasps: "You have failed me!
Welcome... death!"

...............#.....#...........
##########.###+#.....#...##.....#
######.###.##......##############
#........#..#......#
#........#..#......#
#.......##).#......##############
#.......##..#......#.....##.....#
##..##..')..#....(.#......#......
###'##..##..#...@..#......#......
....######..#....(.#.##..##......
........##..#≈≈≈≈.≈≈≈≈##'##.....#
............#≈##≈(≈##≈...#......#
##'###......#≈###C###≈...##.....#
#...##......#≈≈#...#≈≈...##.....#
............#≈≈#...#≈≈....#......
.<......##..#≈≈#.[.#≈≈#..##.....#
........##..#≈#######≈#..##.....#


You could see a cyclops and a friendly spectral Spriggan's Knife {MR+ EV+4 Dex+4
Stlth+}.

Vanquished Creatures
  A two-headed ogre (D:9)
  An unseen horror (D:7)
  Psyche (D:8)
  Maurice (D:9)
  A troll (D:9)
  A hornet (D:7)
  2 dream sheep (D:8)
  2 hippogriffs (D:7)
  A wyvern (D:8)
  2 yaks (D:8)
  Eustachio (D:4)
  Duvessa (D:6)
  A water moccasin (D:9)
  An orc warrior (D:7)
  4 sky beasts
  4 ice beasts
  A phantom (D:4)
  4 ogres
  14 big kobolds
  2 bullfrogs (D:6)
  A wyvern zombie (D:8)
  Dowan (D:6)
  2 wyvern skeletons
  4 scorpions
  2 howler monkeys (D:6)
  4 crimson imps
  A jelly (D:7)
  4 hounds
  An orc priest (D:7)
  4 orc wizards
  A bullfrog skeleton (D:9)
  2 centaur skeletons
  2 iguanas (D:7)
  8 worker ants
  Natasha (thrice) (D:2)
  2 hound zombies
  A worker ant zombie (D:6)
  7 gnolls
  11 adders
  A river rat (Sewer)
  A shadow imp (D:7)
  7 oozes
  2 adder skeletons
  An adder zombie (D:7)
  4 worms
  2 dart slugs
  4 leopard geckos
  31 orcs
  4 giant cockroaches
  3 goblins
  3 hobgoblins
  2 jackals (D:2)
  6 kobolds
  3 quokkas
  5 ball pythons
  6 bats
  4 frilled lizards
  A giant cockroach zombie (D:5)
  A jackal zombie (D:6)
  A leopard gecko zombie (D:5)
  A quokka zombie (D:8)
  6 rats
206 creatures vanquished.

Vanquished Creatures (collateral kills)
  An orc (D:7)
1 creature vanquished.

Vanquished Creatures (others)
  A crocodile (D:8)
  A big kobold (D:8)
  A hound (D:8)
  An iguana (D:8)
  A quokka (D:8)
  A leopard gecko zombie (D:8)
  3 spectral weapons
9 creatures vanquished.

Grand Total: 216 creatures vanquished

Notes
Turn   | Place    | Note
-------+----------+-------------------------------------------
     0 | D:1      | Lianjan the Gnoll Skald began the quest for the Orb.
     0 | D:1      | Reached XP level 1. HP: 20/20 MP: 6/6
   365 | D:1      | Reached XP level 2. HP: 26/26 MP: 7/7
   369 | D:1      | Learned a level 2 spell: Shroud of Golubria
   372 | D:1      | Learned a level 2 spell: Song of Slaying
   790 | D:2      | Reached XP level 3. HP: 26/31 MP: 1/9
   832 | D:2      | Noticed Natasha
   835 | D:2      | Reached skill level 5 in Spellcasting
   851 | D:2      | Killed Natasha
   851 | D:2      | Reached skill level 1 in Invocations
  1513 | D:2      | Reached skill level 1 in Short Blades
  1513 | D:2      | Reached skill level 1 in Axes
  1513 | D:2      | Reached skill level 1 in Maces & Flails
  1513 | D:2      | Reached skill level 1 in Polearms
  1513 | D:2      | Reached skill level 1 in Staves
  1513 | D:2      | Reached skill level 1 in Slings
  1513 | D:2      | Reached skill level 1 in Bows
  1513 | D:2      | Reached skill level 1 in Crossbows
  1513 | D:2      | Reached skill level 1 in Throwing
  1513 | D:2      | Reached skill level 1 in Stealth
  1513 | D:2      | Reached skill level 1 in Shields
  1513 | D:2      | Reached skill level 1 in Unarmed Combat
  1513 | D:2      | Reached skill level 1 in Evocations
  1524 | D:2      | Reached XP level 4. HP: 30/38 MP: 11/11
  1854 | D:2      | Noticed Natasha
  1869 | D:2      | Killed Natasha
  1869 | D:2      | Reached skill level 1 in Conjurations
  1869 | D:2      | Reached skill level 1 in Hexes
  1869 | D:2      | Reached skill level 1 in Summonings
  1869 | D:2      | Reached skill level 1 in Necromancy
  1869 | D:2      | Reached skill level 1 in Translocations
  1869 | D:2      | Reached skill level 1 in Transmutations
  1869 | D:2      | Reached skill level 1 in Fire Magic
  1869 | D:2      | Reached skill level 1 in Ice Magic
  1869 | D:2      | Reached skill level 1 in Air Magic
  1869 | D:2      | Reached skill level 1 in Earth Magic
  1869 | D:2      | Reached skill level 1 in Poison Magic
  1991 | D:2      | Learned a level 3 spell: Regeneration
  1995 | D:2      | Learned a level 3 spell: Spectral Weapon
  2386 | D:2      | Noticed Natasha
  2398 | D:2      | Killed Natasha
  2398 | D:2      | Reached XP level 5. HP: 21/43 MP: 12/12
  3414 | D:4      | Noticed an ogre
  3431 | D:4      | Killed an ogre
  3431 | D:4      | Reached XP level 6. HP: 22/50 MP: 1/14
  3542 | D:4      | Noticed Eustachio
  3567 | D:4      | Killed Eustachio
  3567 | D:4      | Reached skill level 5 in Fighting
  3567 | D:4      | Reached skill level 5 in Long Blades
  3567 | D:4      | Reached skill level 5 in Dodging
  3567 | D:4      | Reached XP level 7. HP: 24/56 MP: 9/15
  4579 | D:5      | Entered Level 5 of the Dungeon
  4718 | D:5      | Found a glowing drain.
  4738 | Sewer    | Entered a sewer
  4811 | Sewer    | Reached XP level 8. HP: 43/63 MP: 11/16
  5848 | D:5      | You fall through a shaft!
  5858 | D:6      | Reached XP level 9. HP: 62/69 MP: 18/18
  6096 | D:5      | Found a staircase to the Ecumenical Temple.
  6105 | Temple   | Entered the Ecumenical Temple
  6379 | Temple   | Became a worshipper of Kikubaaqudgha
  6527 | D:5      | Learned a level 1 spell: Animate Skeleton
  7357 | D:6      | Reached skill level 5 in Armour
  7361 | D:6      | Noticed Duvessa
  7362 | D:6      | Noticed Dowan
  7397 | D:6      | Killed Duvessa
  7443 | D:6      | Killed Dowan
  8105 | D:7      | HP: 1/70 [hippogriff (4)]
  8592 | D:7      | Reached skill level 5 in Invocations
  8863 | D:7      | Reached XP level 10. HP: 58/77 MP: 6/20
  8884 | D:7      | Reached * piety under Kikubaaqudgha
  8884 | D:7      | Identified Kikubaaqudgha's Compendium of Evil (Kikubaaqudgha gifted it to you on level 7 of the Dungeon)
  8884 | D:7      | Received a gift from Kikubaaqudgha
  9023 | D:7      | Learned a level 2 spell: Corpse Rot
  9027 | D:7      | Learned a level 3 spell: Vampiric Draining
  9030 | D:7      | Learned a level 2 spell: Sublimation of Blood
  9067 | D:7      | Found a stormy altar of Qazlal.
  9935 | D:7      | Killed an unseen horror
  9935 | D:7      | Reached skill level 5 in Short Blades
  9935 | D:7      | Reached skill level 5 in Axes
  9935 | D:7      | Reached skill level 5 in Maces & Flails
  9935 | D:7      | Reached skill level 5 in Polearms
  9935 | D:7      | Reached skill level 5 in Staves
  9935 | D:7      | Reached skill level 5 in Slings
  9935 | D:7      | Reached skill level 5 in Bows
  9935 | D:7      | Reached skill level 5 in Crossbows
  9935 | D:7      | Reached skill level 5 in Throwing
  9935 | D:7      | Reached skill level 5 in Stealth
  9935 | D:7      | Reached skill level 5 in Shields
  9935 | D:7      | Reached skill level 5 in Unarmed Combat
  9935 | D:7      | Reached skill level 5 in Evocations
 10823 | D:8      | Found Wapluj's Assorted Antiques.
 10836 | D:8      | Bought a scroll labeled KUANIZABISM for 22 gold pieces
 11625 | D:8      | Noticed a three-headed hydra
 11725 | D:8      | Noticed Psyche
 11748 | D:8      | Killed Psyche
 11873 | D:8      | Found a shimmering altar of Xom.
 12452 | D:9      | Noticed a two-headed ogre
 12852 | D:9      | Found the +7 Spriggan's Knife {MR+ EV+4 Dex+4 Stlth+}
 12942 | D:9      | Found a shattered altar of Ashenzari.
 12945 | D:9      | Found Ecsihaat's Antique Armour Shoppe.
 13086 | D:9      | Reached XP level 11. HP: 76/84 MP: 10/22
 13125 | D:9      | Noticed Maurice
 13129 | D:9      | Killed Maurice
 13129 | D:9      | Reached ** piety under Kikubaaqudgha
 13151 | D:9      | Killed a two-headed ogre
 13609 | D:9      | Noticed a cyclops
 13620 | D:9      | Hit by a large rock thrown by a cyclops

Vault maps used:
D:1:      tarquinn_simple_flora_water_c
D:2:      first_bread, uniq_natasha
D:4:      uniq_eustachio
D:5:      lemuel_temple_firewalk_b, cheibrodos_sewer_entry_drain
D:6:      uniq_duvessa
D:7:      nicolae_qazlal_style_of_elements
D:8:      serial_shops, shop, hangedman_decor_lopped, hangedman_ranch,
          serial_park_tiny_1, xom_confusion_cloud, uniq_psyche
D:9:      basic_altar, serial_shops,
          nicolae_shop_temple_entry_statues_fountains, lightli_minifort,
          uniq_maurice
Temple:   nicolae_temple_the_god_donut
Sewer:    sewer_co_tree

Skill      XL: |  1  2  3  4  5  6  7  8  9 10 |
---------------+-------------------------------+-----
Spellcasting   | 5 6 7 |  7.8
Invocations    | 1 2 3 4 5 6 |  6.5
Short Blades   | 1 2 3 4 5 |  5.9
Axes           | 1 2 3 4 5 |  5.9
Maces & Flails | 1 2 3 4 5 |  5.9
Polearms       | 1 2 3 4 5 |  5.9
Staves         | 1 2 3 4 5 |  5.9
Slings         | 1 2 3 4 5 |  5.9
Bows           | 1 2 3 4 5 |  5.9
Crossbows      | 1 2 3 4 5 |  5.9
Throwing       | 1 2 3 4 5 |  5.9
Stealth        | 1 2 3 4 5 |  5.9
Shields        | 1 2 3 4 5 |  5.9
Unarmed Combat | 1 2 3 4 5 |  5.9
Evocations     | 1 2 3 4 5 |  5.9
Conjurations   | 1 2 3 4 |  4.9
Hexes          | 1 2 3 4 |  4.9
Summonings     | 1 2 3 4 |  4.9
Necromancy     | 1 2 3 4 |  4.9
Translocations | 1 2 3 4 |  4.9
Transmutations | 1 2 3 4 |  4.9
Fire Magic     | 1 2 3 4 |  4.9
Ice Magic      | 1 2 3 4 |  4.9
Air Magic      | 1 2 3 4 |  4.9
Earth Magic    | 1 2 3 4 |  4.9
Poison Magic   | 1 2 3 4 |  4.9
Armour         | 3 4 5 6 |  6.5
Fighting       | 5 6 7 |  7.6
Long Blades    | 5 6 7 |  7.6
Dodging        | 5 6 7 |  7.6
Charms         | 6 7 |  7.4

Action                   |  1- 3 |  4- 6 |  7- 9 | 10-12 || total
-------------------------+-------+-------+-------+-------++-------
Melee: Falchion          |    57 |   124 |   678 |   321 ||  1180
       Bite              |     6 |    15 |    67 |    60 ||   148
       Knife             |       |       |       |    58 ||    58
 Fire: Hunting sling     |     1 |     6 |    20 |     3 ||    30
Throw: Javelin           |       |     1 |       |       ||     1
 Cast: Infusion          |     1 |     1 |    17 |    15 ||    34
       Song of Slaying   |     1 |     2 |     4 |       ||     7
       Shroud of Golubri |     1 |     1 |     9 |    10 ||    21
       Regeneration      |       |     4 |     4 |     2 ||    10
       Spectral Weapon   |       |     2 |     9 |     9 ||    20
       Animate Skeleton  |       |       |     1 |     6 ||     7
       Sublimation of Bl |       |       |       |     1 ||     1
Evoke: Wand              |       |       |       |     2 ||     2
  Use: Scroll            |       |     7 |     8 |     6 ||    21
       Potion            |       |       |     1 |       ||     1
 Stab: Sleeping          |       |       |     3 |     2 ||     5
       Distracted        |       |       |       |     2 ||     2
       Paralysed         |       |       |       |     2 ||     2
  Eat: Chunk             |     1 |     8 |    15 |    13 ||    37
       Bread ration      |       |       |     1 |       ||     1
       Royal jelly       |       |       |       |     1 ||     1
Armor: Scale mail        |    26 |     6 |   196 |   110 ||   338
       Ring mail         |     1 |       |       |       ||     1
       Leather armour    |       |    29 |    20 |       ||    49
Dodge: Dodged            |    43 |    94 |   360 |   147 ||   644
Block: Buckler           |    13 |    29 |   135 |    74 ||   251
       Rpst.: Falchion   |    14 |    26 |    97 |    28 ||   165

Table legend:
 A = Spawn XP
 B = Non-spawn XP
 C = Spawn XP percentage of total XP
 D = Spawn monster count
 E = Non-spawn monster count
 F = Spawn count percentage of total count
 G = Total turns spent on level
                    A         B        C        D         E        F      G
               +---------+---------+-------+---------+---------+-------+---------
         Total |       0 |   10967 |   0.0 |       0 |     207 |   0.0 | 13620
               +---------+---------+-------+---------+---------+-------+---------
           D:1 |       0 |      16 |   0.0 |       0 |       9 |   0.0 |   721
           D:2 |       0 |     180 |   0.0 |       0 |      20 |   0.0 |  2055
           D:3 |       0 |      20 |   0.0 |       0 |       6 |   0.0 |   444
           D:4 |       0 |     920 |   0.0 |       0 |      28 |   0.0 |  1359
           D:5 |       0 |     273 |   0.0 |       0 |      21 |   0.0 |   826
           D:6 |       0 |    1100 |   0.0 |       0 |      23 |   0.0 |  1713
           D:7 |       0 |    2613 |   0.0 |       0 |      33 |   0.0 |  2303
           D:8 |       0 |    2326 |   0.0 |       0 |      18 |   0.0 |  1835
           D:9 |       0 |    2385 |   0.0 |       0 |      21 |   0.0 |  1112
         Sewer |       0 |    1134 |   0.0 |       0 |      28 |   0.0 |   963
               +---------+---------+-------+---------+---------+-------+---------
